 Dungeon Crawl Stone Soup version 0.31.0-32-g396128a36d (webtiles) character file.

Game seed: 14460220855852019649

168 Curundu the Trooper (level 5, -2/72 HPs)
             Began as a Minotaur Berserker on Mar 29, 2024.
             Was a Believer of Trog.
             Slain by a gnoll
             ... wielding a +0 spear
              (3 damage)
             ... on level 3 of the Dungeon.
             The game lasted 00:04:51 (1970 turns).

Curundu the Trooper (Minotaur Berserker)            Turns: 1970, Time: 00:04:52

Health: -2/72      AC:  2    Str: 24    XL:     5   Next: 23%
Magic:  4/4        EV:  6    Int:  4    God:    Trog [**....]
Gold:   126        SH:  0    Dex:  9    Spells: 4/4 levels left

rFire   . . .        a - +0 hand axe
rCold   . . .        (no shield)
rNeg    . . .        b - +0 animal skin
rPois   .            (helmet restricted)
rElec   .            (no cloak)
rCorr   .            (no gloves)
SInv    .            (no boots)
Will    .....        (no amulet) Stlth
                     (no ring)
HPRegen 0.32/turn    (no ring)
MPRegen 0.09/turn

%: no passive effects
@: berserking, held, very quick
A: horns 2, retaliatory headbutt
a: Renounce Religion, Berserk, Trog's Hand


You were on level 3 of the Dungeon.
You worshipped Trog.
Trog was pleased with you.
You visited 1 branch of the dungeon, and saw 3 of its levels.

You collected 126 gold pieces.

Inventory:

Hand Weapons
 a - a +0 hand axe (weapon)
Armour
 b - a +0 animal skin (worn)
Jewellery
 k - an amulet of reflection
Scrolls
 c - 4 scrolls of identify {unknown}
 d - a scroll of immolation {unknown}
 h - 2 scrolls of teleportation {unknown}
 i - a scroll of poison {unknown}
 j - a scroll of amnesia {unknown}
Potions
 e - a potion of lignification {unknown}
 f - 2 potions of curing {unknown}
 g - a potion of degeneration {unknown}
 l - 2 potions of ambrosia {unknown}


   Skills:
 + Level 5.5 Fighting
 + Level 5.1 Axes
 + Level 3.0 Armour
 + Level 2.8 Dodging
 + Level 0.2 Stealth


You had 4 spell levels left.
You didn't know any spells.
Your spell library was empty.

Dungeon Overview and Level Annotations

Branches:
Dungeon (3/15)

Altars:


Innate Abilities, Weirdness & Mutations

You have a pair of horns on your head.
You reflexively headbutt those who attack you in melee.


Message History

Your punch misses the kobold.
The kobold is severely wounded.
The kobold closely misses you.
You hit the kobold.
You kill the kobold!
Trog accepts your kill.
You see here a +0 short sword.
A gnoll comes into view. It is wielding a +0 spear.
A gnoll comes into view.
It is wielding a +0 spear and quivering 2 throwing nets.
The gnoll shouts! x2; You hear a shout!
You hear an angry hiss.
The gnoll throws a throwing net.
The throwing net hits you.
You become entangled in the net!
You see here a throwing net.
You struggle against the net.
The gnoll hits you from afar with a +0 spear.
You struggle against the net.
The gnoll hits you from afar with a +0 spear.
You tear a large gash into the net.
A gnoll comes into view.
It is wielding a +0 halberd of freezing.
The gnoll hits you from afar with a +0 spear. x2
You shred the net and break free!
The gnoll hits you from afar with a +0 spear!
A kobold comes into view. It is wielding a +0 rapier.
The gnoll hits you from afar with a +0 spear.
An iguana comes into view.
The gnoll hits you with a +0 spear.
The gnoll throws a throwing net.
The throwing net hits you.
You become entangled in the net!
You see here a throwing net.
You struggle against the net.
The gnoll hits you with a +0 spear.
* * * LOW HITPOINT WARNING * * *
The gnoll hits you from afar with a +0 spear.
* * * LOW HITPOINT WARNING * * *
A red film seems to cover your vision as you go berserk!
You feel yourself moving faster!
You feel mighty!
The gnoll hits you from afar with a +0 halberd of freezing!
* * * LOW HITPOINT WARNING * * *
The gnoll freezes you.
* * * LOW HITPOINT WARNING * * *
The gnoll hits you with a +0 spear.
You die...

#.# ##.#.#..##
#.# ..#.#...##
#.#
###'.#))..##
#.#
.....#.)...#
#.+
#####'.....#
...........#
##.<......##
#..##.....###..
..##...@.gK....
.# #...g.g.####
#.......#
##.....#.. ###.
........#....
.... #.######.#
... .... ..
..[... .. # .#
..PP.#. # ##.#
#...


You could see 3 gnolls and a kobold.

Vanquished Creatures
  An orc priest (D:3)
  3 gnolls (D:2)
  4 adders
  2 dart slugs
  3 orcs (D:3)
  3 ball pythons (D:1)
  3 bats
  5 endoplasms
  A giant cockroach (D:2)
  11 goblins
  4 hobgoblins
  4 jackals (D:1)
  6 kobolds
  A quokka (D:1)
  6 frilled lizards
  8 rats
65 creatures vanquished.

Notes
Turn   | Place    | Note
-------+----------+-------------------------------------------
     0 | D:1      | Curundu the Minotaur Berserker began the quest for the Orb.
     0 | D:1      | Reached XP level 1. HP: 19/19 MP: 0/0
    98 | D:1      | Reached XP level 2. HP: 22/27 MP: 1/1
   619 | D:1      | Reached XP level 3. HP: 34/34 MP: 2/2
  1129 | D:2      | Reached ** piety under Trog
  1135 | D:2      | Reached XP level 4. HP: 26/41 MP: 3/3
  1136 | D:2      | Reached skill level 5 in Fighting
  1435 | D:2      | Identified the +1 robe "Rabump" {Rampage Regen+ Str-4
                  | Stlth+}
  1543 | D:2      | Identified the +5 dagger of Zin's Fury {heavy, Int+3}
  1806 | D:3      | Reached skill level 5 in Axes
  1806 | D:3      | Reached XP level 5. HP: 25/48 MP: 4/4
  1970 | D:3      | HP: 2/72 [gnoll/+0 halberd of freezing (12)]
  1970 | D:3      | Slain by a gnoll

Illustrated notes

Levels and vault maps discovered:
D:1:      shiori_arrival_oz, layout_basic, interstate_on_off,
          minmay_misc_feat_secret_circle, minmay_misc_feat_iff
D:2:      layout_basic
D:3:      layout_rooms, ebering_ecumenical_altar_petrified,
          grunt_decor_mini_mirrors, minivault_11, kennysheep_donut

Skill      XL: |  1  2  3  4 |
---------------+-------------+-----
Axes           | 4 5 |  5.1
Fighting       | 4 5 |  5.5
Armour         | 3 |  3.0
Dodging        | |  2.8
Stealth        | |  0.2

Action                     |  1- 3 |  4- 6 || total
---------------------------+-------+-------++-------
  Melee: Hand axe          |    61 |    61 ||   122
         Headbutt          |     9 |    10 ||    19
         Punch             |       |     3 ||     3
 Invoke: Berserk           |     1 |     2 ||     3
         Trog's Hand       |       |     1 ||     1
 Armour: Animal skin       |    40 |    44 ||    84
  Dodge: Dodged            |    34 |    46 ||    80
